 Dungeon Crawl Stone Soup version 0.30.1-9-gdf580d7c3d (webtiles) character file.

Game seed: 12980242929508564459

11828 H0rd4k the Thaumaturge (level 11, -1/72 HPs)
             Began as an Octopode Artificer on Oct 16, 2023.
             Was an Initiate of Gozag.
             Slain by a hornet (10 damage)
             ... on level 9 of the Dungeon on Oct 17, 2023.
             The game lasted 00:20:42 (10214 turns).

H0rd4k the Thaumaturge (Octopode Artificer)        Turns: 10214, Time: 00:20:43

Health: -1/72      AC:  2    Str: 12    XL:     11   Next: 83%
Magic:  0/25       EV: 25    Int: 24    God:    Gozag
Gold:   426        SH:  0    Dex: 17    Spells: 23/30 levels left

rFire   + .          .
                       - Unarmed
rCold   + . .        (shield currently unavailable)
rNeg    . . .        (helmet currently unavailable)
rPois   .            h - amulet of guardian spirit
rElec   +            n - +6 ring of intelligence
rCorr   +            o - ring of wizardry
SInv    .            (no ring)
Will    +....        (no ring)
Stlth   ++           (no ring)
HPRegen 0.32/turn    (no ring)
MPRegen 0.19/turn    (no ring)
                     (no ring)

%: guardian spirit, wizardry (x1)
@: spider-form, resistant, marked, gold aura, slowed, studying Throwing, very
slow
A: venomous fangs, almost no armour, (amphibious), 8 rings, tiny, (camouflage
1), (gelatinous body 1), (nimble swimmer 1), (tentacles), (tentacle spike 1),
strong-willed 1, subdued magic 1
a: End Transformation, Renounce Religion, Potion Petition, Call Merchant, Bribe
Branch


You were on level 9 of the Dungeon.
You worshipped Gozag.
Gozag was aware of your devotion.
You were a venomous arachnid creature.
You visited 1 branch of the dungeon, and saw 9 of its levels.
You also visited: Sewer.

You collected 1197 gold pieces.
You paid 771 gold pieces to Gozag.

Inventory:

Hand Weapons
 B - a +5 spear
Missiles
 w - 2 curare-tipped darts (quivered)
 C - 19 poisoned darts
Magical Staves
 v - a staff of death
Jewellery
 h - an amulet of guardian spirit (around neck)
 n - a +6 ring of intelligence (left front pincers)
 o - a ring of wizardry (right front pincers)
Wands
 l - a wand of flame (5)
 y - a wand of polymorph (2)
Scrolls
 g - 3 scrolls of identify
 j - 3 scrolls of amnesia
 r - a scroll of magic mapping
 F - a scroll of vulnerability
Potions
 d - a potion of curing
 e - a potion of mutation
 f - 3 potions of brilliance
 s - a potion of resistance
 u - 3 potions of flight
 D - 2 potions of attraction
Miscellaneous
 b - a phial of floods (inert)
 c - a piece from Xom's chessboard (7/15)


   Skills:
 + Level 5.2 Fighting
 + Level 3.7 Throwing
 + Level 8.1 Dodging
 - Level 1.3 Stealth
 - Level 8.2 Unarmed Combat
 + Level 10.2 Spellcasting
 * Level 1.6 Transmutations
 * Level 1.6 Ice Magic
 * Level 2.0 Poison Magic
 + Level 8.5 Evocations


You had 23 spell levels left.
You knew the following spells:

 Your Spells              Type           Power      Damage    Failure   Level
a - Spider Form           Tmut/Pois      16%        N/A       6%          3
b - Ice Form              Ice/Tmut       15%        N/A       19%         4

Your spell library contained the following spells:

 Spells                   Type           Power      Damage    Failure   Level
 Ensorcelled Hibernation  Hex/Ice        24%        N/A       5%          2
 Frozen Ramparts          Ice            30%        1d5       7%          3
 Volatile Blastmotes      Fire/Tloc      18%        2d11      12%         3
 Summon Ice Beast         Ice/Summ       12%        N/A       26%         4
 Anguish                  Hex/Necr       4%         N/A       32%         4
 Fulminant Prism          Conj/Hex       4%         3d5       32%         4
 Iskenderun's Mystic Bla  Conj/Tloc      9%         2d4       32%         4
 Borgnjor's Vile Clutch   Necr/Erth      4%         N/A       61%         5
 Lee's Rapid Deconstruct  Erth           4%         3d5*      61%         5
 Death Channel            Necr           4%         N/A       98%         6
 Animate Dead             Necr           Unusable   N/A       N/A         4

Dungeon Overview and Level Annotations

Branches:
Dungeon (9/15)             Temple (0/1) D:6           Sewer (visited)
   Lair: D:8-11         Orc: D:9-12

Altars:
Gozag
Okawaru
Sif Muna
Vehumet
Xom
Zin

Annotations:
D:5 exclusion: 2 downstairs
D:8 exclusion: downstairs


Innate Abilities, Weirdness & Mutations

You are a venomous arachnid creature.
You have venomous fangs.
You are tiny and dextrous.
Your spellcasting is less reliable in this form.
Your armour is entirely melded.
You are incapable of wielding weapons or throwing items.
You cannot wear most types of armour.
((You are amphibious.))
You can wear up to eight rings at the same time.
((Your skin changes colour to match your surroundings (Stealth+).))
((Your rubbery body absorbs attacks. (AC +1, EV +1)))
((You are camouflaged when in or above water. (Stealth+)))
((You have tentacles for arms and can constrict up to eight enemies at once.))
((One of your tentacles bears a spike.))
You are strong-willed. (Will+)
Your spells are a little easier to cast, but a little less powerful.


Message History

The killer bee completely misses you.
The gnoll hits you from afar with a +0 spear!
You bite the killer bee!
The killer bee looks as sick as possible!
The killer bee is severely wounded.
You feel sick.
You kill the killer bee!
The killer bee completely misses you. x2; The killer bee misses you.
The killer bee stings you!
You are more poisoned.
The killer bee poisons you! The gnoll completely misses you.
The hornet stings you!
* * * LOW HITPOINT WARNING * * *
You feel yourself slow down.
You hit the hornet.
The hornet is poisoned.
The hornet is lightly wounded.
You feel very sick. The killer bee misses you.
The killer bee barely misses you. The killer bee closely misses you.
The killer bee completely misses you. The hornet stings you!
* * * LOW HITPOINT WARNING * * *
You feel as though you will be slow longer.
The gnoll misses you. The killer bee barely misses you.
The killer bee completely misses you. The hornet stings you!
* * * LOW HITPOINT WARNING * * *
You feel as though you will be slow longer.
Okay, then.
You feel better.
You kill the killer bee!
The killer bee is distracted by your dazzling golden aura.
The killer bee completely misses you.
The killer bee is distracted by your dazzling golden aura.
The hornet completely misses you. The killer bee stings you.
The gnoll completely misses you. The hornet closely misses you.
The killer bee misses you.
You make a move on Xom's chessboard...
The hornet flickers and vanishes!
Deactivating autopickup; reactivate with Ctrl-A.
The killer bee completely misses you. Something stings you!
You die...
Your body crumbles into a pile of gold.

#..# #..# ..# #..# ..#
#..# #..#
###########..####..#####
#......ygy....g.........
#.....gygg.y.gy.........
#####y{######g.........
#$s# #.......... #..#
#.......... #..#
###.......... ....
..............
.............gg.....
#######..#####.y#####
#..# #g.# #..# #..# #..#
#..#


You could see a gnoll bouda, 4 killer bees and 2 gnolls.

Vanquished Creatures
  Harold (D:9)
  Erica (D:8)
  A two-headed ogre (D:9)
  Pikel (D:4)
  Maurice (D:8)
  A komodo dragon (D:9)
  A vampire (D:7)
  A wyvern (D:5)
  3 steam dragons
  A naga (D:7)
  3 water moccasins
  2 sky beasts (D:7)
  2 black bears (D:6)
  2 ogres
  3 centaurs
  A phantom (D:4)
  3 kobold brigands
  A gnoll sergeant (D:7)
  A scorpion (D:4)
  12 killer bees
  A howler monkey (D:6)
  4 hounds
  2 gnoll boudas
  7 jellies
  5 iguanas
  3 orc wizards
  13 gnolls
  11 adders
  4 river rats (Sewer)
  A shadow imp (D:8)
  A white imp (D:7)
  2 ufetubi
  5 worms
  2 dart slugs
  12 orcs
  8 ball pythons
  6 bats
  19 endoplasms
  8 giant cockroaches
  3 hobgoblins
  3 jackals (D:1)
  27 kobolds
  5 quokkas
  14 frilled lizards
  10 goblins
  8 rats
  A butterfly (D:8)
227 creatures vanquished.

Vanquished Creatures (collateral kills)
  4 wights (D:7)
  3 howler monkeys (D:7)
  3 gnolls
  An orc (D:5)
11 creatures vanquished.

Vanquished Creatures (others)
  An ice beast (D:7)
  A wight (D:7)
  A killer bee (D:8)
  An orc wizard (D:8)
  An adder (D:5)
  2 gnolls (D:5)
7 creatures vanquished.

Grand Total: 245 creatures vanquished

Notes
Turn   | Place    | Note
-------+----------+-------------------------------------------
     0 | D:1      | H0rd4k the Octopode Artificer began the quest for the Orb.
     0 | D:1      | Reached XP level 1. HP: 13/13 MP: 1/1
   194 | D:1      | Reached XP level 2. HP: 9/18 MP: 2/2
   468 | D:1      | Reached XP level 3. HP: 23/23 MP: 3/3
  1361 | D:2      | Reached skill level 1 in Unarmed Combat
  1619 | D:2      | Reached XP level 4. HP: 4/28 MP: 0/4
  1777 | D:2      | HP: 1/28 [goblin/bolt of dispelling energy (15)]
  2521 | D:3      | Found a shimmering blue altar of Sif Muna.
  2550 | D:3      | Reached XP level 5. HP: 23/34 MP: 5/5
  2965 | D:3      | Found a faded altar of an unknown god.
  3266 | D:4      | Found a radiant altar of Vehumet.
  3284 | D:4      | Noticed a phantom
  3291 | D:4      | Killed a phantom
  3292 | D:4      | Reached XP level 6. HP: 32/39 MP: 4/6
  3435 | D:4      | Noticed Pikel
  3436 | D:4      | Found an iron altar of Okawaru.
  3594 | D:4      | Killed Pikel
  3595 | D:4      | Reached XP level 7. HP: 11/45 MP: 2/7
  3759 | D:5      | Entered Level 5 of the Dungeon
  3818 | D:5      | Reached skill level 5 in Evocations
  3824 | D:5      | Reached XP level 8. HP: 36/51 MP: 5/8
  4056 | D:5      | Found a glowing silver altar of Zin.
  4152 | D:5      | Noticed a wyvern
  4170 | D:5      | Found a glowing drain.
  4207 | Sewer    | Entered a sewer
  4512 | Sewer    | Found a viscous altar of Jiyva.
  4665 | D:5      | Killed a wyvern
  4666 | D:5      | Reached skill level 5 in Dodging
  5525 | D:6      | Reached XP level 9. HP: 32/57 MP: 6/9
  5669 | D:6      | Reached skill level 1 in Spellcasting
  5743 | D:6      | Found an opulent altar of Gozag.
  5759 | D:6      | Became a worshipper of Gozag Ym Sagoz the Greedy
  6139 | D:6      | Found a staircase to the Ecumenical Temple.
  6274 | D:7      | Reached skill level 2 in Spellcasting
  6337 | D:7      | Reached skill level 3 in Spellcasting
  6357 | D:8      | Noticed Maurice
  6590 | D:8      | Found a shimmering altar of Xom.
  6938 | D:8      | Noticed Erica
  6944 | D:8      | Killed Erica
  6945 | D:8      | Reached skill level 4 in Spellcasting
  6945 | D:8      | Reached XP level 10. HP: 63/65 MP: 14/16
  7236 | D:7      | Reached skill level 1 in Throwing
  7442 | D:7      | HP: 3/65 [steam dragon (2)]
  7841 | D:7      | HP: 3/65 [poisoned by a water moccasin]
  8757 | D:8      | Gained mutation: Your spells are a little easier to cast,
                  | but a little less powerful. [potion of mutation]
  8757 | D:8      | Gained mutation: One of your tentacles bears a spike.
                  | [potion of mutation]
  8757 | D:8      | Gained mutation: You are strong-willed. (Will+) [potion of
                  | mutation]
  8770 | D:8      | Reached skill level 10 in Spellcasting
  8770 | D:8      | Reached XP level 11. HP: 32/70 MP: 10/25
  8778 | D:8      | Killed Maurice
  8779 | D:8      | Reached skill level 5 in Fighting
  9355 | D:9      | Learned a level 3 spell: Spider Form
  9360 | D:9      | Learned a level 4 spell: Ice Form
  9743 | D:9      | Reached skill level 1 in Poison Magic
  9866 | D:9      | Noticed a two-headed ogre
  9877 | D:9      | Killed a two-headed ogre
  9878 | D:9      | Reached skill level 1 in Transmutations
  9878 | D:9      | Reached skill level 1 in Ice Magic
 10165 | D:9      | Noticed Harold
 10189 | D:9      | Killed Harold
 10212 | D:9      | HP: 2/72 [hornet (5)]
 10214 | D:9      | Slain by a hornet

Illustrated notes

Levels and vault maps discovered:
D:1:      psy_arrival_basics, layout_loops_ring, chequers_jeans,
          columned_hall_lemuel, st_stairs_8, hangedman_decor_lopped,
          minivault_24, minmay_misc_feat_pillars, minmay_pentomino_s2
D:2:      layout_loops_corners
D:3:      layout_loops_ring, mainiacjoe_overflow_cross_hatched,
          shapermc_ecumenical_altar_pompeii
D:4:      layout_basic, general_overflow_altar, mainiacjoe_overflow_boulevard,
          uniq_pikel
D:5:      layout_loops_cross, mainiacjoe_overflow_paths, gup_sewer_entry_glass
D:6:      layout_cave_pools, kennysheep_mini, lemuel_temple_firewalk_b
D:7:      layout_cave_pools, minmay_starry_boxes
D:8:      layout_loops_cross, xom_butterflies, uniq_maurice, uniq_erica
D:9:      layout_small_grid, minmay_lizard_king, uniq_harold

Skill      XL: |  1  2  3  4  5  6  7  8  9 10 11 |
---------------+----------------------------------+-----
Dodging        | 3 4 5 7 8 |  8.1
Evocations     | 4 5 7 8 |  8.5
Unarmed Combat | 1 2 3 6 8 |  8.2
Fighting       | 2 3 4 5 |  5.2
Spellcasting   | 4 10 | 10.2
Throwing       | 2 3 |  3.7
Poison Magic   | 2 |  2.0
Transmutations | 1 |  1.6
Ice Magic      | 1 |  1.6
Stealth        | |  1.3

Action                     |  1- 3 |  4- 6 |  7- 9 | 10-12 || total
---------------------------+-------+-------+-------+-------++-------
  Melee: Unarmed           |   131 |   112 |   195 |   175 ||   613
         Constrict         |    28 |    29 |    41 |    24 ||   122
         Tentacles         |    25 |    20 |    59 |    34 ||   138
         Punch             |       |     3 |    13 |     7 ||    23
         Kick              |       |       |       |    17 ||    17
  Throw: Dart              |       |       |     5 |    28 ||    33
         Boomerang         |       |       |       |     1 ||     1
   Cast: Spider Form       |       |       |       |     5 ||     5
 Invoke: Potion Petition   |       |       |       |     1 ||     1
  Evoke: Wand              |     1 |    16 |    38 |    11 ||    66
         Piece from Xom's  |       |       |     1 |    11 ||    12
         Phial of floods   |       |       |       |     1 ||     1
    Use: Scroll            |       |       |    11 |     6 ||    17
         Potion            |       |       |     3 |    14 ||    17
   Stab: Sleeping          |     7 |    11 |     8 |       ||    26
         Distracted        |       |     1 |     1 |     1 ||     3
         Invisible         |       |       |       |     3 ||     3
 Armour: Skin              |    15 |     4 |     9 |     8 ||    36
  Dodge: Dodged            |    68 |    63 |   162 |   195 ||   488
